 Dungeon Crawl Stone Soup version 0.29-a0-284-gf9362112df (webtiles) character file.

Game seed: 11440924848642475638

2233 sammy202020 the Skirmisher (level 9, -2/72 HPs)
             Began as a Demonspawn Berserker on Mar 29, 2022.
             Was a Priest of Trog.
             Killed from afar by an electric eel (10 damage)
             ... with a bolt of electricity
             ... on level 6 of the Dungeon.
             The game lasted 00:08:26 (4313 turns).

sammy202020 the Skirmisher (Demonspawn Berserker)   Turns: 4313, Time: 00:08:27

Health: -2/72      AC: 16    Str: 23    XL:     9   Next: 14%
Magic:  9/9        EV: 12    Int: 12    God:    Trog [***...]
Gold:   251        SH:  0    Dex: 14    Spells: 8/8 levels left

rFire   + + .      SeeInvis .   p - +2 hand axe (venom)
rCold   . . .      Faith    .   (no shield)
rNeg    + . .      Spirit   .   n - +4 chain mail of the Moon {rF+ Str+4 Int+2}
rPois   .          Reflect  .   (no helmet)
rElec   .          Harm     .   i - +0 cloak
rCorr   .          Rampage  .   o - +0 pair of gloves
Will    .....                   (no boots)
Stlth   ..........              b - amulet of regeneration
HPRegen 1.02/turn               q - ring of protection from fire
MPRegen 0.11/turn               r - ring of positive energy

@: on berserk cooldown, slowed, very slow
A: hooves 1, spiny 1, sturdy frame 3, demonic magic 2
a: Renounce Religion, Berserk, Trog's Hand


You were on level 6 of the Dungeon.
You worshipped Trog.
Trog was most pleased with you.
You visited 1 branch of the dungeon, and saw 6 of its levels.

You collected 251 gold pieces.

Inventory:

Hand Weapons
 p - a +2 hand axe of venom (weapon)
 C - a +4 flail of protection
Missiles
 d - 13 poisoned darts
 m - 9 boomerangs (quivered)
 x - a curare-tipped dart
Armour
 h - a +0 plate armour
 i - a +0 cloak (worn)
 n - the +4 chain mail of the Moon (worn) {rF+ Str+4 Int+2}
   (You found it on level 2 of the Dungeon)

   Str:       It affects your strength (+4).
   Int:       It affects your intelligence (+2).
   rF:        It protects you from fire.
 o - a +0 pair of gloves (worn)
Jewellery
 b - an amulet of regeneration (around neck)
 l - a +4 ring of protection
 q - a ring of protection from fire (left hand)
 r - a ring of positive energy (right hand)
 y - a ring of magical power
Wands
 a - a wand of flame (43)
Scrolls
 c - a scroll of identify
 f - 6 scrolls of teleportation
 s - a scroll of immolation {unknown}
 v - a scroll of brand weapon
 w - 2 scrolls of enchant weapon
 B - a scroll of noise {unknown}
Potions
 e - 2 potions of degeneration
 g - 3 potions of curing
 j - 2 potions of heal wounds
 k - a potion of haste
 u - 3 potions of brilliance {unknown}
 z - 2 potions of lignification {unknown}
 A - a potion of cancellation {unknown}


   Skills:
 * Level 7.1 Fighting
 * Level 6.6 Axes
 * Level 6.1 Armour
 + Level 4.5 Dodging


You had 8 spell levels left.
You didn't know any spells.
Your spell library was empty.

Dungeon Overview and Level Annotations

Branches:
Dungeon (6/15)             Temple (0/1) D:5

Altars:
Okawaru

Shops:
D:4 *


Innate Abilities, Weirdness & Mutations

You have large cloven feet.
You are partially covered in sharp spines.
Your movements are significantly less encumbered by armour. (ER -6)
Spells you cast may paralyse nearby enemies.


Message History

You feel yourself moving faster!
You feel mighty!
You slash the electric eel!
The electric eel is poisoned.
You kick the electric eel.
The electric eel is severely wounded.
The electric eel shoots out a bolt of lightning at you!
The bolt of electricity hits you.
You slash the electric eel!
You kill the electric eel!
Trog accepts your kill.
You see here a +0 flail.
You start resting.
You feel a strong urge to attack something.
You start resting.
You feel your anger nearly subside.
You start resting.
You are no longer berserk.
You are exhausted.
You feel yourself slow down.
You start resting.
An electric eel comes into view.
You are too injured to fight recklessly!
You see here a scroll of vulnerability.
The electric eel shoots out a bolt of lightning at you!
The bolt of electricity hits you!
The electric eel shoots out a bolt of lightning at you!
The bolt of electricity hits you!
* * * LOW HITPOINT WARNING * * *
You barely miss the electric eel. Your kick misses the electric eel.
You closely miss the electric eel.
The electric eel shoots out a bolt of lightning at you!
The bolt of electricity hits you!
* * * LOW HITPOINT WARNING * * *
You hit the electric eel. Your kick misses the electric eel.
The electric eel is moderately wounded.
The electric eel shoots out a bolt of lightning at you!
The bolt of electricity hits you!
* * * LOW HITPOINT WARNING * * *
The electric eel shoots out a bolt of lightning at you!
The bolt of electricity hits you!
You die...

#..............#############
####....................)...
#........................
####''#######.............
##≈≈≈..≈≈≈## #.............
##≈≈......≈≈###.............
#≈≈.....†..≈≈##......?......
≈≈..........S≈##............
≈......)?..@.≈≈##...........
....≈≈≈≈≈≈....≈≈#...........
...≈(♣♣♣♣.≈....≈#...........
...≈♣ ♣♣≈....≈#...........
...≈ ♣≈....≈#........... ..?
♣≈....≈############ .
♣≈....≈# .≈....≈#


You could see an electric eel.

Vanquished Creatures
  A hornet (D:6)
  Sigmund (D:3)
  The ghost of stonesoup the Chopper, an amateur PaBe of Trog (D:4)
  Edmund (D:6)
  4 black bears
  An ice beast (D:6)
  A centaur (D:4)
  2 phantoms
  A kobold brigand (D:5)
  A necrophage (D:6)
  3 scorpions
  An electric eel (D:6)
  A gnoll shaman (D:5)
  2 orc priests
  A centaur skeleton (D:4)
  2 hounds
  2 jellies
  Jessica (D:3)
  An iguana (D:6)
  2 orc wizards (D:6)
  A howler monkey zombie (D:4)
  4 adders
  11 gnolls
  A shadow imp (D:6)
  A white imp (D:6)
  3 worms
  2 dart slugs
  8 orcs
  9 ball pythons
  5 bats
  6 endoplasms
  4 giant cockroaches
  5 goblins
  4 hobgoblins
  3 jackals (D:3)
  8 kobolds
  7 quokkas
  A frilled lizard (D:1)
  7 rats
120 creatures vanquished.

Notes
Turn   | Place    | Note
-------+----------+-------------------------------------------
     0 | D:1      | sammy202020 the Demonspawn Berserker began the quest for
                  | the Orb.
     0 | D:1      | Reached XP level 1. HP: 18/18 MP: 1/1
   424 | D:1      | Gained mutation: You have large cloven feet. [demonic
                  | ancestry]
   424 | D:1      | Reached XP level 2. HP: 19/24 MP: 2/2
  1310 | D:2      | Gained mutation: Your movements are slightly less
                  | encumbered by armour. (ER -2) [demonic ancestry]
  1310 | D:2      | Reached XP level 3. HP: 28/29 MP: 3/3
  1365 | D:2      | Identified the +4 chain mail of the Moon {rF+ Str+4 Int+2}
  1572 | D:2      | Reached ** piety under Trog
  2177 | D:3      | Noticed Sigmund
  2187 | D:3      | Killed Sigmund
  2188 | D:3      | Reached skill level 4 in Fighting
  2188 | D:3      | Gained mutation: You are partially covered in sharp spines.
                  | [demonic ancestry]
  2188 | D:3      | Reached XP level 4. HP: 35/37 MP: 4/4
  2188 | D:3      | Gained mutation: Your movements are less encumbered by
                  | armour. (ER -4) [demonic ancestry]
  2188 | D:3      | Reached XP level 5. HP: 39/42 MP: 5/5
  2423 | D:3      | Noticed Jessica
  2438 | D:3      | Gained mutation: Spells you cast may paralyse adjacent
                  | enemies. [demonic ancestry]
  2438 | D:3      | Reached XP level 6. HP: 24/49 MP: 6/6
  2443 | D:3      | Killed Jessica
  2886 | D:4      | Found Ciucs's Assorted Antiques.
  2997 | D:4      | Reached *** piety under Trog
  3049 | D:4      | Gained mutation: Your movements are significantly less
                  | encumbered by armour. (ER -6) [demonic ancestry]
  3049 | D:4      | Reached XP level 7. HP: 54/55 MP: 7/7
  3051 | D:4      | Reached skill level 5 in Fighting
  3068 | D:4      | Found an iron altar of Okawaru.
  3146 | D:4      | Found a transporter.
  3146 | D:4      | Noticed stonesoup's ghost (amateur PaBe)
  3153 | D:4      | Found a transporter.
  3171 | D:4      | Killed stonesoup's ghost
  3174 | D:4      | Reached skill level 5 in Axes
  3360 | D:5      | Entered Level 5 of the Dungeon
  3480 | D:5      | Found a staircase to the Ecumenical Temple.
  3499 | D:5      | Gained mutation: Spells you cast may paralyse nearby
                  | enemies. [demonic ancestry]
  3499 | D:5      | Reached XP level 8. HP: 64/64 MP: 8/8
  3605 | D:5      | Reached skill level 6 in Fighting
  3775 | D:5      | Reached skill level 5 in Armour
  4099 | D:6      | Noticed Edmund
  4108 | D:6      | Killed Edmund
  4240 | D:6      | Reached skill level 7 in Fighting
  4240 | D:6      | Reached XP level 9. HP: 60/72 MP: 9/9
  4313 | D:6      | Killed from afar by an electric eel

Illustrated notes

Levels and vault maps discovered:
D:1:      eino_arrival_water_star, layout_loops_corners, corexii_corridor_pit
D:2:      layout_loops_ring
D:3:      layout_loops_cross, uniq_jessica, uniq_sigmund
D:4:      layout_basic, kennysheep_mini, serial_shops, kennysheep_mini_moat,
          serial_glass, glass_columns_b, glass_columns_c,
          gammafunk_ghost_mausoleum
D:5:      layout_loops_cross, minmay_temple_entry_glass
D:6:      layout_basic, general_overflow_altar, kennysheep_big_empty_room,
          st_stairs_2, uniq_edmund

Skill      XL: |  1  2  3  4  5  6  7  8  9 |
---------------+----------------------------+-----
Armour         | 2 3 4 5 6 |  6.1
Axes           | 3 4 5 6 |  6.6
Dodging        | 2 3 4 |  4.5
Fighting       | 4 5 7 |  7.1

Action                   |  1- 3 |  4- 6 |  7- 9 || total
-------------------------+-------+-------+-------++-------
Melee: Hand axe          |   115 |    61 |   101 ||   277
       Kick              |    20 |    15 |    26 ||    61
       Punch             |       |       |     1 ||     1
Throw: Boomerang         |       |       |     9 ||     9
Invok: Berserk           |       |     1 |     4 ||     5
       Trog's Hand       |       |     1 |     2 ||     3
  Use: Scroll            |     8 |     4 |       ||    12
 Stab: Distracted        |     1 |       |       ||     1
Armor: Ring mail         |    27 |       |       ||    27
       Plate armour      |    23 |       |       ||    23
       Chain mail        |    12 |    32 |    74 ||   118
Dodge: Dodged            |    50 |    40 |    72 ||   162

Table legend: (Time is in decaauts)
 A = Elapsed time spent in this place.
 B = Non-inter-level travel time spent in this place.
 C = Inter-level travel time spent in this place.
 D = Time resting spent in this place.
 E = Time spent auto-exploring this place.
 F = Levels seen in this place.
 G = Mean time per level.
                   A        B        C        D        E       F      G
               +--------+--------+--------+--------+--------+-----+--------+
         Total |   4369 |   4174 |    195 |      5 |   3339 |   6 |  728.2 |
       Dungeon |   4369 |   4174 |    195 |      5 |   3339 |   6 |  728.2 |
               +--------+--------+--------+--------+--------+-----+--------+

Top non-repeatable levels by time:
     D:1: 1318 daAuts
     D:2: 863 daAuts
     D:3: 647 daAuts
     D:5: 623 daAuts
     D:4: 570 daAuts
     D:6: 346 daAuts
